SNL (28 & UNDER)
BEAUMONT ROUGHNECKS @ MONTGOMERY BISCUITS
04/13/2029
 
TOP OF THE 1ST
Beaumont Roughnecks batting - Pitching for Montgomery Biscuits : LHP Orlando Costa
Pitching: LHP Orlando Costa
Batting: RHB John James 0-0: Foul Ball, location: 2F
0-1: Ball
1-1: Ground out U3 (Groundball, 34)
Batting: RHB Michael Kent 0-0: Swinging Strike
0-1: Ball
1-1: Ball
2-1: Ball
3-1: Foul Ball, location: 2F
3-2: Foul Ball, location: 2F
3-2: Strikes out swinging
Batting: RHB Roger Rush 0-0: Foul Ball, location: 2F
0-1: Ball
1-1: Fly out, F8 (Line Drive, 8LM)
Top of the 1st over - 0 runs, 0 hits, 0 errors, 0 left on base; Beaumont 0 - Montgomery 0
BOTTOM OF THE 1ST
Montgomery Biscuits batting - Pitching for Beaumont Roughnecks : RHP Jesús Ortíz
Pitching: RHP Jesús Ortíz
Batting: LHB Marcos Féliz 0-0: Ball
1-0: Foul Ball, location: 2F
1-1: Called Strike
1-2: Ball
2-2: Strikes out swinging
Batting: RHB Bob McDonald 0-0: Swinging Strike
0-1: Ball
1-1: SINGLE (Groundball, 4MD)
Batting: RHB Lorenzo Tamayo 0-0: Grounds into double play, 5-4-3 (Groundball, 56)
Bottom of the 1st over - 0 runs, 1 hit, 0 errors, 0 left on base; Beaumont 0 - Montgomery 0
TOP OF THE 2ND
Beaumont Roughnecks batting - Pitching for Montgomery Biscuits : LHP Orlando Costa
Batting: RHB Si-xun Li 0-0: Called Strike
0-1: Foul Ball, location: 2F
0-2: Ball
1-2: Strikes out swinging
Batting: LHB Enrique Cruz 0-0: Called Strike
0-1: Foul Ball, location: 2F
0-2: Foul Ball, location: 2F
0-2: Ball
1-2: Strikes out swinging
Batting: RHB Darwin Crane 0-0: Foul Ball, location: 2F
0-1: Swinging Strike
0-2: Ball
1-2: Ball
2-2: Ball
3-2: Strikes out looking
Top of the 2nd over - 0 runs, 0 hits, 0 errors, 0 left on base; Beaumont 0 - Montgomery 0
BOTTOM OF THE 2ND
Montgomery Biscuits batting - Pitching for Beaumont Roughnecks : RHP Jesús Ortíz
Batting: RHB Reinaldo Amarante 0-0: Ball
1-0: Ball
2-0: Ball
3-0: Called Strike
3-1: Ground out 1-3 (Groundball, 15)
Batting: SHB Joe Pierce 0-0: Ball
1-0: Ground out 2-3 (Groundball, 2L)
Batting: RHB Frederick Curtis 0-0: Called Strike
0-1: Swinging Strike
0-2: Strikes out swinging
Bottom of the 2nd over - 0 runs, 0 hits, 0 errors, 0 left on base; Beaumont 0 - Montgomery 0
TOP OF THE 3RD
Beaumont Roughnecks batting - Pitching for Montgomery Biscuits : LHP Orlando Costa
Batting: RHB António Aguilar 0-0: Foul Ball, location: 2F
0-1: Called Strike
0-2: Ball
1-2: Strikes out swinging
Batting: RHB Miguel Costa 0-0: Swinging Strike
0-1: Called Strike
0-2: Foul Ball, location: 2F
0-2: Ball
1-2: Strikes out swinging
Batting: SHB Walton Locke 0-0: Called Strike
0-1: Ball
1-1: Ball
2-1: Foul Ball, location: 2F
2-2: Foul Ball, location: 2F
2-2: Foul Ball, location: 2F
2-2: Fly out, F4 (Flyball, 4D)
Top of the 3rd over - 0 runs, 0 hits, 0 errors, 0 left on base; Beaumont 0 - Montgomery 0
BOTTOM OF THE 3RD
Montgomery Biscuits batting - Pitching for Beaumont Roughnecks : RHP Jesús Ortíz
Batting: SHB Kenneth Cruz 0-0: Called Strike
0-1: Called Strike
0-2: Fly out, F8 (Flyball, 8LD)
Batting: SHB Pancho Ruíz 0-0: Ball
1-0: Called Strike
1-1: Foul Ball, location: 2F
1-2: Ball
2-2: Foul Ball, location: 2F
2-2: Ball
3-2: Foul Ball, location: 2F
3-2: Fly out, F9 (Flyball, 9LSF)
Batting: SHB Lawrence Farley 0-0: Ball
1-0: Ball
2-0: Called Strike
2-1: Ball
3-1: Ground out 1-3 (Groundball, P)
Bottom of the 3rd over - 0 runs, 0 hits, 0 errors, 0 left on base; Beaumont 0 - Montgomery 0
TOP OF THE 4TH
Beaumont Roughnecks batting - Pitching for Montgomery Biscuits : LHP Orlando Costa
Batting: RHB John James 0-0: Ground out 5-3 (Groundball, 56)
Batting: RHB Michael Kent 0-0: Ball
1-0: Foul Ball, location: 2F
1-1: Ground out U3 (Groundball, 34S)
Batting: RHB Roger Rush 0-0: SOLO HOME RUN (Flyball, 9LD), Distance : 356 ft
Batting: RHB Si-xun Li 0-0: Swinging Strike
0-1: Swinging Strike
0-2: Ball
1-2: Ball
2-2: Ball
3-2: Base on Balls
Batting: LHB Enrique Cruz 0-0: Called Strike
0-1: Fly out, F8 (Flyball, 8RM)
Top of the 4th over - 1 run, 1 hit, 0 errors, 1 left on base; Beaumont 1 - Montgomery 0
BOTTOM OF THE 4TH
Montgomery Biscuits batting - Pitching for Beaumont Roughnecks : RHP Jesús Ortíz
Batting: LHB Marcos Féliz 0-0: Called Strike
0-1: Ball
1-1: Swinging Strike
1-2: Fly out, F7 (Flyball, 7)
Batting: RHB Bob McDonald 0-0: Called Strike
0-1: Called Strike
0-2: Ground out U3 (Groundball, 34S)
Batting: RHB Lorenzo Tamayo 0-0: Foul Ball, location: 2F
0-1: DOUBLE (Flyball, 8RD)
Batting: RHB Reinaldo Amarante 0-0: Ball
1-0: Called Strike
1-1: Swinging Strike
1-2: Strikes out swinging
Bottom of the 4th over - 0 runs, 1 hit, 0 errors, 1 left on base; Beaumont 1 - Montgomery 0
TOP OF THE 5TH
Beaumont Roughnecks batting - Pitching for Montgomery Biscuits : LHP Orlando Costa
Batting: RHB Darwin Crane 0-0: Foul Ball, location: 2F
0-1: Swinging Strike
0-2: Ball
1-2: Ball
2-2: Ball
3-2: Foul Ball, location: 2F
3-2: Base on Balls
Batting: RHB António Aguilar 0-0: Foul Ball, location: 2F
0-1: Foul Ball, location: 2F
0-2: Ball
1-2: Ball
2-2: Fly out, F7 (Line Drive, 7D)
Batting: RHB Miguel Costa 0-0: Called Strike
0-1: Ball
1-1: Foul Ball, location: 2F
1-2: Ball
2-2: Grounds into double play, 4-6-3 (Groundball, 4)
Top of the 5th over - 0 runs, 0 hits, 0 errors, 0 left on base; Beaumont 1 - Montgomery 0
BOTTOM OF THE 5TH
Montgomery Biscuits batting - Pitching for Beaumont Roughnecks : RHP Jesús Ortíz
Batting: SHB Joe Pierce 0-0: Ball
1-0: Fly out, F7 (Flyball, 7S)
Batting: RHB Frederick Curtis 0-0: Called Strike
0-1: Ball
1-1: Fly out, F9 (Flyball, 9S)
Batting: SHB Kenneth Cruz 0-0: Ball
1-0: Foul Ball, location: 2F
1-1: Called Strike
1-2: Ball
2-2: Ball
3-2: Foul Ball, location: 2F
3-2: Foul Ball, location: 2F
3-2: Strikes out swinging
Bottom of the 5th over - 0 runs, 0 hits, 0 errors, 0 left on base; Beaumont 1 - Montgomery 0
TOP OF THE 6TH
Beaumont Roughnecks batting - Pitching for Montgomery Biscuits : LHP Orlando Costa
Batting: SHB Walton Locke 0-0: Called Strike
0-1: Ball
1-1: Foul Ball, location: 2F
1-2: Strikes out swinging, 2-3 out at first.
Batting: RHB John James 0-0: Foul Ball, location: 2F
0-1: Ball
1-1: Ball
2-1: Foul Ball, location: 2F
2-2: Foul Ball, location: 2F
2-2: Ball
3-2: Foul Ball, location: 2F
3-2: Foul Ball, location: 2F
3-2: Strikes out swinging
Batting: RHB Michael Kent 0-0: Called Strike
0-1: Ball
1-1: Fly out, F1 (Popup, P)
Top of the 6th over - 0 runs, 0 hits, 0 errors, 0 left on base; Beaumont 1 - Montgomery 0
BOTTOM OF THE 6TH
Montgomery Biscuits batting - Pitching for Beaumont Roughnecks : RHP Jesús Ortíz
Batting: SHB Pancho Ruíz 0-0: Ball
1-0: Foul Ball, location: 2F
1-1: Ball
2-1: Foul Ball, location: 2F
2-2: Strikes out swinging
Batting: SHB Lawrence Farley 0-0: Foul Ball, location: 2F
0-1: Fly out, F8 (Flyball, 8LM)
Batting: LHB Marcos Féliz 0-0: Swinging Strike
0-1: Swinging Strike
0-2: Strikes out looking
Bottom of the 6th over - 0 runs, 0 hits, 0 errors, 0 left on base; Beaumont 1 - Montgomery 0
TOP OF THE 7TH
Beaumont Roughnecks batting - Pitching for Montgomery Biscuits : LHP Orlando Costa
Batting: RHB Roger Rush 0-0: Called Strike
0-1: Ball
1-1: Ball
2-1: Ball
3-1: Base on Balls
Batting: RHB Si-xun Li 0-0: Ball
1-0: Ball
2-0: Called Strike
2-1: Foul Ball, location: 2F
2-2: Ball
3-2: Foul Ball, location: 2F
3-2: SINGLE (Line Drive, 8RM)
Roger Rush to second
Batting: LHB Enrique Cruz 0-0: Swinging Strike
0-1: Foul Ball, location: 2F
0-2: Foul Ball, location: 2F
0-2: Fielders Choice at 2nd, 3-6 (Groundball, 34)
Roger Rush to third
Batting: RHB Darwin Crane Pickoff Throw to First - Out!
0-0: Intentional Walk
Batting: RHB António Aguilar 0-0: Fly out, F9 (Flyball, 9LMF)
Top of the 7th over - 0 runs, 1 hit, 0 errors, 2 left on base; Beaumont 1 - Montgomery 0
BOTTOM OF THE 7TH
Montgomery Biscuits batting - Pitching for Beaumont Roughnecks : RHP Jesús Ortíz
Batting: RHB Bob McDonald 0-0: Ball
1-0: SINGLE (Groundball, 3S) (infield hit)
Batting: RHB Lorenzo Tamayo 0-0: Fly out, F9 (Flyball, 89D)
Batting: RHB Reinaldo Amarante 0-0: Ball
1-0: Called Strike
1-1: SINGLE (Line Drive, 89S)
Bob McDonald to second
Runner from 2nd tries for 3rd, SAFE, no throw
Pitching: RHP Gustavo Rodríguez
Batting: SHB Joe Pierce 0-0: Called Strike
0-1: Ball
1-1: Ball
2-1: SINGLE (Groundball, 4MD) (infield hit)
Bob McDonald scores
Reinaldo Amarante to second
Batting: RHB Frederick Curtis 0-0: Called Strike
0-1: Called Strike
0-2: Ball
1-2: Ball
2-2: Ball
3-2: Base on Balls
Reinaldo Amarante to third
Joe Pierce to second
Batting: SHB Kenneth Cruz 0-0: Called Strike
0-1: Swinging Strike
0-2: Ball
1-2: Ball
2-2: Grounds into fielders choice 3-2 (Groundball, 3)
Joe Pierce to third
Frederick Curtis to second
Batting: SHB Pancho Ruíz 0-0: Ball
1-0: Foul Ball, location: 2F
1-1: Ball
2-1: Ball
3-1: Foul Ball, location: 2F
3-2: Ground out U3 (Groundball, 3L)
Bottom of the 7th over - 1 run, 3 hits, 0 errors, 3 left on base; Beaumont 1 - Montgomery 1
TOP OF THE 8TH
Beaumont Roughnecks batting - Pitching for Montgomery Biscuits : LHP Orlando Costa
Batting: RHB Miguel Costa 0-0: Called Strike
0-1: Swinging Strike
0-2: Ball
1-2: Strikes out swinging, 2-3 out at first.
Batting: SHB Walton Locke 0-0: Called Strike
0-1: SINGLE (Line Drive, 89M)
Batting: RHB John James 0-0: Called Strike
0-1: Ball
1-1: Ball
2-1: Swinging Strike
2-2: Foul Ball, location: 2F
2-2: Strikes out swinging
Batting: RHB Michael Kent 0-0: Foul Ball, location: 2F
0-1: Swinging Strike
0-2: Ball
Walton Locke is caught stealing 2nd base
Top of the 8th over - 0 runs, 1 hit, 0 errors, 0 left on base; Beaumont 1 - Montgomery 1
BOTTOM OF THE 8TH
Montgomery Biscuits batting - Pitching for Beaumont Roughnecks : RHP Gustavo Rodríguez
Batting: SHB Lawrence Farley 0-0: Ball
1-0: Called Strike
1-1: Foul Ball, location: 2F
1-2: Ground out 6-3 (Groundball, 6)
Batting: LHB Marcos Féliz 0-0: Called Strike
0-1: Swinging Strike
0-2: Ball
1-2: Foul Ball, location: 2F
1-2: Strikes out swinging
Batting: RHB Bob McDonald 0-0: Called Strike
0-1: Swinging Strike
0-2: Strikes out swinging
Bottom of the 8th over - 0 runs, 0 hits, 0 errors, 0 left on base; Beaumont 1 - Montgomery 1
TOP OF THE 9TH
Beaumont Roughnecks batting - Pitching for Montgomery Biscuits : LHP Orlando Costa
Batting: RHB Michael Kent 0-0: Foul Ball, location: 2F
0-1: Ball
1-1: Fly out, F9 (Flyball, 9D)
Batting: RHB Roger Rush 0-0: Ball
1-0: Called Strike
1-1: Foul Ball, location: 2F
1-2: Ball
2-2: Foul Ball, location: 2F
2-2: Ball
3-2: Fly out, F6 (Popup, 6M)
Batting: RHB Si-xun Li 0-0: Swinging Strike
0-1: Swinging Strike
0-2: Ball
1-2: Ball
2-2: Ball
3-2: Foul Ball, location: 2F
3-2: Foul Ball, location: 2F
3-2: Foul Ball, location: 2F
3-2: Foul Ball, location: 2F
3-2: Strikes out looking
Top of the 9th over - 0 runs, 0 hits, 0 errors, 0 left on base; Beaumont 1 - Montgomery 1
BOTTOM OF THE 9TH
Montgomery Biscuits batting - Pitching for Beaumont Roughnecks : RHP Gustavo Rodríguez
Batting: RHB Lorenzo Tamayo 0-0: Ball
1-0: Ball
2-0: Ball
3-0: Base on Balls
Batting: RHB Reinaldo Amarante 0-0: Foul Ball, location: 2F
0-1: Grounds into double play, 6-4-3 (Groundball, 6MD)
Pinch Hitting: SHB Wilson Bray 0-0: Ball
1-0: Foul Ball, location: 2F
1-1: Ball
2-1: Foul Ball, location: 2F
2-2: Fly out, F4 (Line Drive, 4MD)
Bottom of the 9th over - 0 runs, 0 hits, 0 errors, 0 left on base; Beaumont 1 - Montgomery 1
TOP OF THE 10TH
Beaumont Roughnecks batting - Pitching for Montgomery Biscuits : LHP Orlando Costa
Now in RF: Hoyt Norris
Batting: LHB Enrique Cruz 0-0: Called Strike
0-1: Swinging Strike
0-2: Ball
1-2: SINGLE (Groundball, 6D)
Pinch Runner at 1st William Foley:
Batting: RHB Darwin Crane 0-0: Foul Ball, location: 2F
0-1: Ball
1-1: Ball
2-1: Ball
3-1: Foul Ball, location: 2F
3-2: Foul Ball, location: 2F
3-2: Base on Balls
William Foley to second
Batting: RHB António Aguilar 0-0: Sac Bunt - play at first, batter OUT! 1-4
William Foley to third
Darwin Crane to second
Batting: RHB Miguel Costa 0-0: Called Strike
0-1: Ball
1-1: Foul Ball, location: 2F
1-2: Fly out, F9 (Flyball, 89S)
Runner from 3rd tags up, SCORES, no throw
Batting: SHB Walton Locke 0-0: Intentional Walk
Batting: RHB John James 0-0: Ball
1-0: Called Strike
1-1: Called Strike
1-2: Ball
2-2: Foul Ball, location: 2F
2-2: Foul Ball, location: 2F
2-2: Ball
3-2: Base on Balls
Darwin Crane to third
Walton Locke to second
Batting: RHB Michael Kent 0-0: Ground out 3-1 (Groundball, 34)
Top of the 10th over - 1 run, 1 hit, 0 errors, 3 left on base; Beaumont 2 - Montgomery 1
BOTTOM OF THE 10TH
Montgomery Biscuits batting - Pitching for Beaumont Roughnecks : RHP Gustavo Rodríguez
Now at C: Marvin Johnson
Batting: RHB Frederick Curtis 0-0: Ball
1-0: Foul Ball, location: 2F
1-1: Swinging Strike
1-2: Ball
2-2: Strikes out swinging
Batting: SHB Kenneth Cruz 0-0: Ball
1-0: Ball
2-0: SOLO HOME RUN (Flyball, 9LD), Distance : 351 ft
Batting: SHB Pancho Ruíz 0-0: Called Strike
0-1: Ball
1-1: Ball
2-1: Ball
3-1: Ground out 6-3 (Groundball, 6)
Batting: SHB Lawrence Farley 0-0: Ball
1-0: Called Strike
1-1: Ball
2-1: DOUBLE (Groundball, 5L)
Pitching: LHP Manuel Santiago
Batting: LHB Marcos Féliz 0-0: Ball
1-0: Called Strike
1-1: Ball
2-1: Ball
3-1: Called Strike
3-2: Base on Balls
Batting: RHB Bob McDonald 0-0: Swinging Strike
0-1: Ball
1-1: Foul Ball, location: 2F
1-2: Foul Ball, location: 2F
1-2: Strikes out swinging
Bottom of the 10th over - 1 run, 2 hits, 0 errors, 2 left on base; Beaumont 2 - Montgomery 2
TOP OF THE 11TH
Beaumont Roughnecks batting - Pitching for Montgomery Biscuits : LHP Orlando Costa
Batting: RHB Roger Rush 0-0: Swinging Strike
0-1: Fly out, F9 (Flyball, 89D)
Batting: RHB Si-xun Li 0-0: Ball
1-0: Foul Ball, location: 2F
1-1: Called Strike
1-2: Hit by Pitch
Batting: RHB Marvin Johnson 0-0: Ball
1-0: Ground out 4-3 (Groundball, 4S)
Si-xun Li to second
Batting: RHB Darwin Crane 0-0: Intentional Walk
Batting: RHB António Aguilar 0-0: Ball
1-0: Ball
2-0: Foul Ball, location: 2F
2-1: Fielders Choice at 2nd, 6-4 (Groundball, 6D)
Top of the 11th over - 0 runs, 0 hits, 0 errors, 2 left on base; Beaumont 2 - Montgomery 2
BOTTOM OF THE 11TH
Montgomery Biscuits batting - Pitching for Beaumont Roughnecks : LHP Manuel Santiago
Batting: RHB Lorenzo Tamayo 0-0: Ball
1-0: Called Strike
1-1: Ball
2-1: Foul Ball, location: 2F
2-2: Strikes out swinging
Batting: RHB Reinaldo Amarante 0-0: Swinging Strike
0-1: Ball
1-1: Foul Ball, location: 2F
1-2: Ball
2-2: Ball
3-2: Strikes out swinging
Batting: SHB Hoyt Norris 0-0: Ball
1-0: Swinging Strike
1-1: Called Strike
1-2: SOLO HOME RUN (Flyball, 8LXD), Distance : 420 ft
Saturday, December 16th, 2017 - OOTP Baseball 18.8 Build 76